 Dungeon Crawl Stone Soup version 0.27-a0-1277-g3808f8b1c9 (webtiles) character file.

Game seed: 7891841166087976846

74 Glokmah the Digger (level 4, -5/25 HPs)
             Began as a Gargoyle Earth Elementalist on June 12, 2021.
             Slain by an ice beast (6 damage)
             ... on level 3 of the Dungeon.
             The game lasted 00:03:46 (2642 turns).

Glokmah the Digger (Gargoyle Earth Elementalist)    Turns: 2642, Time: 00:03:47

Health: -5/25      AC:  5    Str: 11    XL:     4   Next: 28%
Magic:  0/7        EV: 11    Int: 17    God:
Gold:   152        SH:  0    Dex: 10    Spells: 2/8 levels left

rFire    . . .     SeeInvis .   a - +0 hand axe
rCold    . . .     Faith    .   (no shield)
rNeg     + . .     Spirit   .   c - +0 robe
rPois    ∞         Reflect  .   (no helmet)
rElec    +         Harm     .   (no cloak)
rCorr    .         Rampage  .   (no gloves)
Will     .....                  (no boots)
Stlth    ++........             (no amulet)
HPRegen  0.08/turn              e - ring of flight
MPRegen  0.10/turn              (no ring)

@: flying
A: sickness immunity, AC +3, negative energy resistance 1, electricity
resistance, torment resistance 1, petrification resistance
a: no special abilities


You were on level 3 of the Dungeon.
You visited 1 branch of the dungeon, and saw 3 of its levels.

You collected 152 gold pieces.

Inventory:

Hand Weapons
 a - a +0 hand axe (weapon)
Missiles
 b - 58 stones
 d - 14 poisoned darts
 h - 2 throwing nets
Armour
 c - a +0 robe (worn)
Jewellery
 e - a ring of flight (left hand)
Scrolls
 f - 2 scrolls of identify {unknown}
 g - a scroll of fog {unknown}
 i - a scroll of silence {unknown}
 k - a scroll of noise {unknown}
 l - a scroll of blinking {unknown}
 m - a scroll of enchant weapon {unknown}
Potions
 j - a potion of curing {unknown}
 n - a potion of heal wounds {unknown}


   Skills:
 + Level 1.4 Fighting
 + Level 0.3 Armour
 - Level 1.5 Dodging
 - Level 2.1 Stealth
 + Level 2.5 Spellcasting
 * Level 1.0 Conjurations
 + Level 1.3 Transmutations
 * Level 4.6 Earth Magic


You had 2 spell levels left.
You knew the following spells:

 Your Spells              Type           Power      Damage    Failure   Level
a - Sandblast             Erth           34%        2d9       2%          1
b - Passwall              Tmut/Erth      10%        N/A       9%          2
c - Stone Arrow           Conj/Erth      22%        3d8       17%         3

Your spell library contained the following spells:

 Spells                   Type           Power      Damage    Failure   Level
 Petrify                  Tmut/Erth      12%        N/A       47%         4
 Lee's Rapid Deconstruct  Erth           8%         3d8*      58%         5


Dungeon Overview and Level Annotations

Branches:
Dungeon (3/15)

Altars:
Gozag
Hepliaklqana
Qazlal
Uskayaw


Innate Abilities, Weirdness & Mutations

You are immune to sickness and miasma.
Your stone body is resilient. (AC +3)
You are immune to poison.
You resist negative energy. (rN+)
You are resistant to electric shocks. (rElec)
You are resistant to unholy torment.
You are immune to petrification.


Message History

Confirm with . or Enter, or press ? or * to list all spells.
The spell is extremely dangerous to cast (17% risk of failure)!
Continue anyway?
Aiming: Stone Arrow (extremely dangerous; 17% risk of failure)
Press: ? - help, Shift-Dir - straight line, f - you
Okay, then.
Casting: Stone Arrow (extremely dangerous; 17% risk of failure)
Confirm with . or Enter, or press ? or * to list all spells.
The spell is extremely dangerous to cast (17% risk of failure)!
Continue anyway?
Aiming: Stone Arrow (extremely dangerous; 17% risk of failure)
Press: ? - help, Shift-Dir - straight line, f - ice beast
Aim: an ice beast (68% to hit)
The stone arrow hits the ice beast!
The ice beast is heavily wounded.
Casting: Stone Arrow (extremely dangerous; 17% risk of failure)
Confirm with . or Enter, or press ? or * to list all spells.
The spell is extremely dangerous to cast (17% risk of failure)!
Continue anyway?
Aiming: Stone Arrow (extremely dangerous; 17% risk of failure)
Press: ? - help, Shift-Dir - straight line, f/p - ice beast
Aim: an ice beast (heavily wounded, 68% to hit)
You miscast Stone Arrow.
You are very lightly contaminated with residual magic.
Energy rips through your body!
Aiming: Sandblast (safe; 2% risk of failure)
Press: ? - help, Q - select action, (/) - cycle Shift-Dir - straight line, f/p - ice beast
Aim: an ice beast (moderately wounded, 79% to hit)
The blast of sand hits the ice beast.
The ice beast is severely wounded.
Your magical contamination has completely faded away.
Aiming: Sandblast (safe; 2% risk of failure)
Press: ? - help, Q - select action, (/) - cycle Shift-Dir - straight line, f/p - ice beast
Aim: an ice beast (heavily wounded, 79% to hit)
The blast of sand hits the ice beast!
The ice beast is almost dead.
The ice beast hits you. The ice beast freezes you!
Ouch! That really hurt!
* * * LOW HITPOINT WARNING * * *
The ice beast hits you.
* * * LOW HITPOINT WARNING * * *
The ice beast freezes you.
You die...

###....#######...'#.#'...#
....... #.8...#.#...8.#
....).. #.._..#.#.._..#
....... #.8.8.#.#.8.8.###
.....## ###...##.##...##.#
....Y #.#####...#####...
..... #............#....
#............#....
#@...........#....
#.Y..........#....
#..........†.<....
#.................
#.................
......#..8..#...).
....#..##...##.....
....#..#######.....
....#..# #.....


You could see an ice beast.

Vanquished Creatures
  A gnoll (D:1)
  2 adders (D:2)
  A worm (D:3)
  A dart slug (D:3)
  4 ball pythons (D:2)
  2 endoplasms (D:2)
  3 giant cockroaches
  3 goblins (D:3)
  3 hobgoblins (D:2)
  4 jackals (D:1)
  2 kobolds (D:2)
  3 quokkas
  4 bats
  6 rats
39 creatures vanquished.

Notes
Turn   | Place    | Note
-------+----------+-------------------------------------------
     0 | D:1      | Glokmah the Gargoyle Earth Elementalist began the quest for
                  | the Orb.
     0 | D:1      | Reached XP level 1. HP: 10/10 MP: 3/3
   380 | D:1      | Reached skill level 1 in Transmutations
   380 | D:1      | Reached skill level 4 in Earth Magic
   380 | D:1      | Reached XP level 2. HP: 16/16 MP: 3/5
   585 | D:1      | Learned a level 2 spell: Passwall
  1588 | D:2      | Reached skill level 1 in Fighting
  1591 | D:2      | Reached XP level 3. HP: 20/20 MP: 4/6
  1679 | D:2      | Learned a level 3 spell: Stone Arrow
  1757 | D:2      | Found a faded altar of an unknown god.
  2176 | D:2      | Reached XP level 4. HP: 25/25 MP: 4/7
  2526 | D:3      | Reached skill level 1 in Conjurations
  2573 | D:3      | Found a hazy altar of Hepliaklqana.
  2583 | D:3      | Found a stormy altar of Qazlal.
  2587 | D:3      | Found a hide-covered altar of Uskayaw.
  2590 | D:3      | Found an opulent altar of Gozag.
  2611 | D:3      | Noticed an ice beast
  2642 | D:3      | HP: 1/25 [ice beast (3)]
  2642 | D:3      | Slain by an ice beast

Illustrated notes

Levels and vault maps discovered:
D:1:      roderic_crop_circles_arrival_small, layout_basic,
          hangedman_abyss_or_decor_lesser_grid
D:2:      minmay_evil_eye, layout_loops_cross, basic_ecumenical_altar,
          kennysheep_generic_room_5
D:3:      layout_basic, grunt_temple_overflow_cloverleaf,
          mrwooster_statue_mirror

Skill      XL: |  1  2  3  4 |
---------------+-------------+-----
Transmutations | 1 |  1.3
Earth Magic    | 4 |  4.6
Fighting       | 1 |  1.4
Conjurations   | 1 |  1.0
Armour         | |  0.3
Dodging        | |  1.5
Stealth        | |  2.1
Spellcasting   | |  2.5

Action                   |  1- 3 |  4- 6 || total
-------------------------+-------+-------++-------
Melee: Hand axe          |    32 |       ||    32
 Cast: Sandblast         |    32 |    18 ||    50
       Stone Arrow       |       |     1 ||     1
Armor: Robe              |    19 |       ||    19
Dodge: Dodged            |    43 |     2 ||    45

Table legend: (Time is in decaauts)
 A = Elapsed time spent in this place.
 B = Non-inter-level travel time spent in this place.
 C = Inter-level travel time spent in this place.
 D = Time resting spent in this place.
 E = Time spent auto-exploring this place.
 F = Levels seen in this place.
 G = Mean time per level.
                   A        B        C        D        E       F      G
               +--------+--------+--------+--------+--------+-----+--------+
         Total |   2655 |   2398 |    257 |     73 |   1974 |   3 |  885.0 |
       Dungeon |   2655 |   2398 |    257 |     73 |   1974 |   3 |  885.0 |
               +--------+--------+--------+--------+--------+-----+--------+

Top non-repeatable levels by time:
     D:1: 1584 daAuts
     D:2: 883 daAuts
     D:3: 187 daAuts
